 Dungeon Crawl Stone Soup version 0.26.1-2-gb8aa6d0cf2 (webtiles) character file.

Game seed: 15972294907727242806

3944 Gadfly the Charlatan (level 10, -14/76 HPs)
             Began as a Demonspawn Monk on Feb 10, 2021.
             Was a High Priest of Trog.
             Demolished by a komodo dragon (20 damage)
             ... on level 8 of the Dungeon.
             The game lasted 00:16:48 (12096 turns).

Gadfly the Charlatan (Demonspawn Monk)             Turns: 12096, Time: 00:16:49

Health: -14/76     AC: 22    Str: 16    XL:     10   Next: 1%
Magic:  14/14      EV: 11    Int: 11    God:    Trog [*****.]
Gold:   423        SH:  0    Dex: 17    Spells: 9/9 levels left

rFire    . . .     SeeInvis .   b - +1 whip (elec)
rCold    . . .     Faith    .   (no shield)
rNeg     . . .     Spirit   .   f - +0 scale mail
rPois    .         Reflect  .   t - +0 helmet
rElec    .         Harm     .   w - scarf {repulsion}
rCorr    .         Rampage  .   r - +0 pair of gloves
Will     +....                  (no boots)
Stlth    +.........             d - amulet of the acrobat
HPRegen  0.22/turn              (no ring)
MPRegen  0.14/turn              (no ring)

@: sanguine armour, repel missiles
A: hooves 1, foul stench 1, high mp 1, strong-willed 1, strong 1, miasma
immunity, sanguine armour 3
a: Renounce Religion, Berserk, Trog's Hand, Brothers in Arms


You were on level 8 of the Dungeon.
You worshipped Trog.
Trog was extremely pleased with you.
You visited 1 branch of the dungeon, and saw 8 of its levels.
You also visited: Ossuary.

You collected 423 gold pieces.

Inventory:

Hand Weapons
 a - the +0 broad axe of Deformation {vorpal, rPois rF+ Str+4 Int-2}
   (Trog gifted it to you on level 8 of the Dungeon)

   It inflicts extra damage upon your enemies.
   It affects your strength (+4).
   It affects your intelligence (-2).
   It protects you from fire.
   It protects you from poison.
 b - a +1 whip of electrocution (weapon)
 i - a +2 hand axe of flaming
Armour
 f - a +0 scale mail (worn)
 r - a +0 pair of gloves (worn)
 t - a +0 helmet (worn)
 w - a scarf of repulsion (worn)
Jewellery
 d - an amulet of the acrobat (around neck)
Wands
 k - a wand of random effects (9)
 o - a wand of flame (17) (quivered)
 u - a wand of polymorph (7)
 v - a wand of digging (5)
 B - a wand of enslavement (9)
Scrolls
 e - 2 scrolls of enchant weapon
 h - 4 scrolls of remove curse
 l - 3 scrolls of teleportation
 x - 3 scrolls of identify
Potions
 c - a potion of heal wounds
 g - a potion of attraction
 j - a potion of flight
 n - 2 potions of haste
 p - 2 potions of curing
 q - a potion of lignification
 s - 2 potions of mutation
 z - a potion of cancellation


   Skills:
 + Level 5.7 Fighting
 * Level 7.1 Axes
 * Level 7.0 Armour
 - Level 2.6 Dodging
 - Level 1.7 Stealth
 - Level 4.4 Invocations
 * Level 7.6 Evocations


You had 9 spell levels left.
You didn't know any spells.
Your spell library was empty.

Dungeon Overview and Level Annotations

Branches:
Dungeon (8/15)             Temple (0/1) D:5         Ossuary (visited)
   Lair: D:8-11

Altars:
Cheibriados
Ru
Trog
The Shining One


Innate Abilities, Weirdness & Mutations

You have large cloven feet.
You may emit foul miasma when damaged in melee.
You are immune to miasma.
When seriously injured, your bleeding wounds create very thick armour. (AC +12)
You have an increased reservoir of magic. (+10% MP)
You are strong-willed. (Will+)
Your muscles are strong. (Str +2)


Message History

The wyvern closely misses you.
The komodo dragon completely misses you.
The wyvern barely misses you.
You hit the wyvern. Lightning courses through the wyvern!
The wyvern is heavily wounded.
The wyvern bites you but does no damage.
You barely miss the wyvern.
The wyvern is heavily wounded.
The wyvern closely misses you. The komodo dragon bites you.
The komodo dragon looks sick.
The wyvern barely misses you.
You hit the wyvern. You kick the wyvern.
The wyvern is severely wounded.
The wyvern barely misses you. The komodo dragon bites you!
* * * LOW HITPOINT WARNING * * *
You completely miss the wyvern. You kick the wyvern.
The wyvern is severely wounded.
The wyvern bites you!
* * * LOW HITPOINT WARNING * * *
The komodo dragon bites you!!
You die...

## ### . #.#### #.
#####...#### .# ..
.....###...### ### .###...
###.## ####..###.###.......
### ##....###........
##...@l....###.# #.###l#####
############### ### #######
#.............# #.....#
#.............# #.....#
#.............# #.....#
#.............# #.....#
#.............########.<...#
##+####.......#......#.....#


You could see a komodo dragon (sick) and a wyvern.

Vanquished Creatures
  Sigmund (D:2)
  A water moccasin (D:7)
  2 ice beasts
  A phantom (D:4)
  An ogre (D:7)
  4 centaurs
  A big kobold (D:8)
  6 bullfrogs
  5 water moccasin zombies (Ossuary)
  2 scorpions
  12 killer bees
  4 wights (D:7)
  A howler monkey (D:4)
  A bullfrog zombie (D:5)
  3 jellies
  A centaur zombie (D:6)
  A centaur skeleton (D:8)
  7 orc priests
  3 orc wizards
  A bullfrog skeleton (D:7)
  3 hounds
  3 iguanas
  Natasha (thrice) (D:2)
  10 worker ants
  3 big kobold zombies (Ossuary)
  A hound zombie (D:6)
  2 hound skeletons
  2 mummies (Ossuary)
  12 adders
  A shadow imp (D:8)
  An ufetubus (D:8)
  2 oozes (D:1)
  3 adder zombies (Ossuary)
  2 adder skeletons
  4 worms
  5 dart slugs
  6 leopard geckos
  29 orcs
  A ball python (D:1)
  6 giant cockroaches
  4 gnoll zombies (Ossuary)
  8 goblins
  10 hobgoblins
  11 jackals
  13 kobolds
  A quokka (D:6)
  10 bats
  5 frilled lizards
  4 hobgoblin zombies (Ossuary)
  A jackal skeleton (D:6)
  10 kobold zombies (Ossuary)
  A leopard gecko skeleton (D:4)
  4 orc zombies (Ossuary)
  A quokka skeleton (D:4)
  12 rats
252 creatures vanquished.

Notes
Turn   | Place    | Note
-------+----------+-------------------------------------------
     0 | D:1      | Gadfly the Demonspawn Monk began the quest for the Orb.
     0 | D:1      | Reached XP level 1. HP: 18/18 MP: 1/1
   143 | D:1      | Reached skill level 1 in Invocations
   441 | D:1      | Gained mutation: You are immune to miasma. [demonic
                  | ancestry]
   441 | D:1      | Reached XP level 2. HP: 19/24 MP: 1/3
   900 | D:1      | Reached skill level 1 in Evocations
  1257 | D:1      | Reached skill level 1 in Armour
  1262 | D:1      | Gained mutation: When seriously injured, your bleeding
                  | wounds create armour. (AC +12) [demonic ancestry]
  1262 | D:1      | Reached XP level 3. HP: 28/29 MP: 4/4
  1645 | D:2      | Noticed Natasha
  1649 | D:2      | Killed Natasha
  1712 | D:2      | Reached XP level 4. HP: 34/35 MP: 5/5
  2839 | D:2      | Noticed Natasha
  2844 | D:2      | Killed Natasha
  2845 | D:2      | Gained mutation: You have large cloven feet. [demonic
                  | ancestry]
  2845 | D:2      | Reached XP level 5. HP: 33/41 MP: 7/7
  3030 | D:2      | Noticed Natasha
  3036 | D:2      | Killed Natasha
  3134 | D:2      | Noticed Sigmund
  3168 | D:2      | Killed Sigmund
  3169 | D:2      | Reached XP level 6. HP: 24/47 MP: 7/9
  3541 | D:3      | Found a faded altar of an unknown god.
  3556 | D:3      | Became a worshipper of Trog the Wrathful
  3556 | D:3      | Reached * piety under Trog
  3556 | D:3      | Reached ** piety under Trog
  3701 | D:3      | Reached *** piety under Trog
  4565 | D:4      | Gained mutation: You may emit foul miasma when damaged in
                  | melee. [demonic ancestry]
  4565 | D:4      | Reached XP level 7. HP: 44/52 MP: 10/10
  5387 | D:4      | Reached **** piety under Trog
  5988 | D:5      | Entered Level 5 of the Dungeon
  6099 | D:5      | Found a snail-covered altar of Cheibriados.
  6158 | D:5      | Found a sand-covered staircase.
  6162 | Ossuary  | Entered an ossuary
  6262 | Ossuary  | Reached XP level 8. HP: 56/60 MP: 11/11
  6361 | Ossuary  | Reached skill level 5 in Evocations
  6475 | Ossuary  | Reached skill level 5 in Axes
  7287 | D:5      | Reached skill level 5 in Armour
  7456 | D:5      | Gained mutation: Your muscles are strong. (Str +2) [potion
                  | of mutation]
  7456 | D:5      | Gained mutation: You have an increased reservoir of magic.
                  | (+10% MP) [potion of mutation]
  7456 | D:5      | Gained mutation: You are strong-willed. (Will+) [potion of
                  | mutation]
  8046 | D:5      | Found a staircase to the Ecumenical Temple.
  8389 | D:6      | Reached ***** piety under Trog
  8584 | D:6      | Gained mutation: When seriously injured, your bleeding
                  | wounds create thick armour. (AC +12) [demonic ancestry]
  8584 | D:6      | Reached XP level 9. HP: 64/66 MP: 13/13
  9000 | D:6      | Found a sacrificial altar of Ru.
  9371 | D:7      | Reached skill level 5 in Fighting
 10035 | D:7      | Found a glowing golden altar of the Shining One.
 10839 | D:8      | Received a gift from Trog
 10866 | D:8      | Got an ebony broad axe {god gift}
 10867 | D:8      | Identified the +0 broad axe of Deformation {vorpal, rPois
                  | rF+ Str+4 Int-2} (Trog gifted it to you on level 8 of the
                  | Dungeon)
 11977 | D:8      | Gained mutation: When seriously injured, your bleeding
                  | wounds create very thick armour. (AC +12) [demonic
                  | ancestry]
 11977 | D:8      | Reached XP level 10. HP: 64/76 MP: 14/14
 12096 | D:8      | Demolished by a komodo dragon

Illustrated notes

Levels and vault maps discovered:
D:1:      kennysheep_arrival_forest, layout_basic
D:2:      layout_loops_corners, hangedman_decor_points, uniq_sigmund,
          uniq_natasha
D:3:      layout_rooms, chequers_ecumenical_altar_simple_redux,
          grunt_ministairs_3, minmay_misc_feat_iff
D:4:      layout_loops_ring, portal_sewer_entry_f
D:5:      layout_layer_cave, lemuel_temple_firewalk_b, basic_altar,
          nicolae_ossuary_entry_plus
D:6:      layout_cave_pools, nicolae_ru_great_annihilating_truth
D:7:      layout_basic, tso_metal_star
D:8:      layout_gridville, erik_lair_dragon, kennysheep_generic_room_16

Skill      XL: |  1  2  3  4  5  6  7  8  9 |
---------------+----------------------------+-----
Invocations    | 1 2 3 4 |  4.4
Evocations     | 1 2 3 4 6 7 |  7.6
Armour         | 1 2 3 4 5 7 |  7.0
Axes           | 3 4 5 7 |  7.1
Fighting       | 4 5 |  5.7
Dodging        | |  2.6
Stealth        | |  1.7

Action                   |  1- 3 |  4- 6 |  7- 9 | 10-12 || total
-------------------------+-------+-------+-------+-------++-------
Melee: Hand axe          |    76 |       |       |       ||    76
       Mace              |    21 |   150 |       |       ||   171
       Kick              |       |    31 |   178 |     3 ||   212
       Whip              |       |    30 |   546 |     8 ||   584
       Broad axe         |       |       |    41 |       ||    41
Evoke: Wand              |       |       |     9 |       ||     9
  Use: Scroll            |     2 |     4 |    11 |       ||    17
       Potion            |       |       |     7 |       ||     7
 Stab: Sleeping          |     2 |       |       |       ||     2
Armor: Robe              |     7 |       |       |       ||     7
       Scale mail        |    28 |    71 |   231 |     2 ||   332
       Skin              |       |       |    30 |       ||    30
Dodge: Dodged            |    69 |   109 |   385 |     8 ||   571
       Repelled          |       |       |     1 |       ||     1
